Map: 서브머린 - 래더

Players

Stats - Winner!

  • Race: Protoss Protoss
  • League: Grandmaster
  • Spawn Location: 5:00

Solar

  • Race: Zerg Zerg
  • League: Grandmaster
  • Spawn Location: 11:00

VOD

Have the link to the VOD?

Description

Time

  • Played on: Sept. 22, 2020, 9:32 a.m.
  • Length: 9:07
Show
View Real Time Build Order
Export as new Build Order

Stats Protoss - Winner!

Build Orders: 1 Gate Expand, Zealot Archon, Archon Drop, Dark Templar Rush 

Get SALT Encoding   

  12  0:00  Probe  
  13  0:13  Pylon  
  13  0:18  Probe (Chrono Boost)  
  14  0:26  Probe (Chrono Boost)  
  15  0:32  Probe  
  16  0:40  Gateway  
  16  0:44  Probe  
  16  0:47  Assimilator  
  17  0:56  Probe  
  18  1:08  Probe  
  19  1:20  Probe  
  20  1:26  Nexus  
  20  1:34  Cybernetics Core  
  20  1:37  Probe  
  21  1:42  Assimilator  
  21  1:49  Probe  
  21  1:52  Pylon  
  22  2:01  Probe  
  23  2:09  Adept (Chrono Boost)  
  23  2:12  Warp Gate  
  23  2:13  Probe  
  26  2:25  Probe  
  26  2:28  Twilight Council  
  26  2:29  Adept (Chrono Boost)  
  29  2:38  Probe (Chrono Boost)  
  29  2:42  Probe (Chrono Boost)  
  31  2:48  Probe (Chrono Boost)  
  33  2:51  Probe (Chrono Boost)  
  33  2:52  Robotics Facility  
  33  2:54  Stalker  
  33  2:57  Probe  
  36  3:01  Probe  
  37  3:07  Gateway  
  37  3:10  Probe  
  38  3:13  Probe  
  39  3:22  Probe  
  39  3:23  Dark Shrine  
  39  3:25  Probe  
  41  3:29  Gateway  
  41  3:35  Warp Prism (Chrono Boost)  
  43  3:43  Pylon  
  43  3:45  Probe  
  43  3:46  Probe  
  45  3:49  Assimilator  
  45  3:57  Probe  
  45  4:01  Probe  
  47  4:05  Adept x2  
  47  4:09  Probe  
  52  4:13  Probe  
  52  4:14  Pylon  
  53  4:18  Assimilator  
  53  4:22  Probe  
  54  4:29  Pylon  
  54  4:33  Probe  
  54  4:35  Dark Templar x3  
  61  4:45  Probe  
  62  4:47  Probe  
  62  4:48  Observer  
  64  5:04  Nexus  
  64  5:06  Pylon  
  64  5:08  Dark Templar, Archon  
  64  5:11  Probe x2  
  64  5:12  Dark Templar  
  64  5:13  Archon  
  69  5:16  Pylon  
  68  5:29  Blink (Chrono Boost)  
  68  5:32  Immortal (Chrono Boost)  
  70  5:43  Nexus  
  70  5:49  Gateway  
  70  5:50  Gateway  
  70  5:53  Gateway  
  70  5:55  Gateway  
  70  6:03  Immortal (Chrono Boost)  
  70  6:04  Observer, Sentry x2  
  72  6:09  Gateway  
  78  6:11  Sentry  
  80  6:19  Probe x2  
  80  6:21  Shield Battery  
  82  6:26  Pylon  
  82  6:28  Pylon  
  82  6:29  Pylon  
  82  6:32  Stalker x2  
  84  6:46  Adept  
  86  6:53  Adept x2  
  90  6:54  Stalker x2  
  90  6:55  Stalker x2  
  98  7:04  Stalker  
  100  7:14  Observer  
  92  7:18  Dark Templar  
  92  7:19  Stalker x4  
  100  7:23  Stalker  
  100  7:26  Adept  
  100  7:36  Observer  
  99  7:43  Stalker  
  99  7:44  Stalker x3  
  103  7:46  Stalker  
  103  7:48  Probe x2 (Chrono Boost)  
  109  8:04  Probe x2 (Chrono Boost)  
  103  8:14  Stalker x2  
  103  8:15  Stalker  
  103  8:18  Pylon  
  103  8:19  Pylon  
  106  8:20  Pylon  
  106  8:26  Stalker x3  
  96  8:28  Stalker  
  96  8:47  Stalker x4  
Show
View Real Time Build Order
Export as new Build Order

Solar Zerg 

Build Orders: Hatch First 

Get SALT Encoding   

  12  0:00  Drone  
  13  0:12  Overlord  
  13  0:17  Drone  
  14  0:30  Drone  
  14  0:31  Drone  
  16  0:45  Drone  
  17  0:52  Hatchery  
  17  0:54  Drone  
  17  0:58  Drone  
  18  1:06  Extractor  
  17  1:14  Spawning Pool  
  17  1:16  Drone  
  17  1:20  Drone  
  18  1:28  Drone  
  19  1:38  Drone  
  20  1:52  Overlord  
  20  2:01  Queen  
  20  2:05  Zergling x4, Queen  
  26  2:09  Metabolic Boost  
  26  2:13  Drone  
  26  2:14  Drone  
  29  2:22  Drone  
  29  2:25  Drone  
  30  2:36  Hatchery  
  29  2:39  Zergling x2  
  29  2:41  Drone  
  31  2:48  Queen  
  33  2:52  Overlord  
  33  2:56  Drone  
  34  3:00  Zergling x2  
  34  3:02  Zergling x2  
  36  3:11  Drone x5  
  41  3:18  Drone  
  42  3:20  Overlord  
  42  3:30  Drone  
  42  3:31  Drone  
  44  3:39  Drone  
  45  3:42  Drone x2  
  45  3:43  Drone x2  
  45  3:44  Queen  
  45  3:48  Queen, Overlord  
  51  3:51  Drone x2  
  55  3:56  Drone x3  
  55  3:59  Roach Warren  
  55  4:00  Drone  
  58  4:03  Overlord  
  58  4:06  Zergling x2  
  59  4:10  Zergling x2  
  59  4:13  Drone x2  
  59  4:16  Zergling x6  
  65  4:19  Overlord  
  65  4:20  Spine Crawler  
  64  4:24  Spore Crawler  
  64  4:25  Spore Crawler  
  64  4:28  Spore Crawler  
  64  4:29  Zergling x8  
  66  4:32  Overlord  
  66  4:36  Lair  
  66  4:39  Zergling x4  
  66  4:44  Drone x3  
  71  4:49  Drone  
  71  4:50  Drone x2  
  71  4:51  Drone x2  
  72  4:53  Drone  
  72  4:57  Overlord  
  72  4:58  Extractor x2  
  70  5:00  Zergling x8  
  70  5:02  Drone  
  70  5:04  Zergling x4  
  70  5:06  Zergling x2  
  78  5:13  Drone  
  76  5:18  Overlord  
  76  5:21  Drone  
  76  5:24  Drone  
  76  5:26  Extractor x2, Overlord  
  76  5:27  Drone  
  76  5:29  Roach x3  
  76  5:34  Drone  
  80  5:37  Glial Reconstitution, Drone  
  80  5:40  Overlord  
  80  5:43  Overlord  
  80  5:44  Drone x2  
  80  5:45  Overseer  
  80  5:48  Drone  
  83  5:54  Overlord  
  83  5:55  Drone x4  
  83  5:56  Extractor  
  83  5:57  Spire  
  83  6:00  Roach x2  
  83  6:01  Roach  
  83  6:03  Overlord  
  88  6:04  Overlord  
  88  6:06  Drone x2  
  88  6:07  Overseer  
  88  6:08  Drone  
  88  6:09  Drone  
  92  6:14  Roach  
  92  6:15  Roach  
  92  6:16  Overseer, Overlord  
  96  6:21  Drone x2  
  96  6:22  Drone  
  96  6:24  Zergling x4  
  101  6:26  Drone  
  101  6:28  Zergling x6  
  101  6:31  Overlord  
  106  6:32  Drone  
  106  6:38  Roach x3  
  109  6:41  Overlord  
  109  6:46  Roach  
  111  6:49  Roach x4  
  111  6:52  Ravager x3, Spine Crawler  
  121  6:57  Ravager x4  
  121  6:58  Zergling x8  
  121  7:00  Zergling x2  
  129  7:03  Roach  
  129  7:04  Roach  
  131  7:10  Roach  
  131  7:12  Roach x2  
  131  7:15  Ravager  
  128  7:16  Roach  
  128  7:18  Zergling x10  
  130  7:23  Roach x4  
  130  7:28  Roach  
  136  7:30  Zergling x6  
  136  7:33  Ravager x2  
  136  7:34  Ravager  
  136  7:36  Roach  
  136  7:37  Roach  
  144  7:43  Overlord  
  140  7:45  Zergling x4  
  140  7:49  Zergling x8  
  144  7:51  Ravager  
  144  7:53  Overseer  
  144  7:54  Ravager  
  144  7:56  Overlord x2  
  144  7:57  Overlord  
  145  7:59  Overlord  
  145  8:00  Overlord  
  145  8:03  Roach x2  
  145  8:05  Zergling x2  
  143  8:07  Zergling x2  
  143  8:12  Roach x2, Hatchery  
  124  8:15  Roach  
  124  8:18  Ravager x3  
  122  8:22  Roach x4  
  122  8:26  Queen x2  
  123  8:28  Roach  
  123  8:29  Roach  
  123  8:32  Roach  
  125  8:37  Roach x2  
  125  8:39  Roach x2  
  125  8:40  Zergling x2  
  114  8:43  Roach x2  
  114  8:44  Roach  
  114  8:46  Roach  
Tags
 
Add a new tag
Caveats
  • Supply blocks, unpowered buildings, or Contaminate may cause inaccurate times.
  • Supply counts are checked every 10 seconds.